 Dungeon Crawl Stone Soup version 0.28-a0-845-gfc338a8e3c (webtiles) character file.

Game seed: 9051855683075476597

103928 tatocazan the Severer (level 15, 0/109 (129) HPs)
             Began as a Demonspawn Fighter on Nov 13, 2021.
             Was a Priest of Uskayaw.
             Slain by a 14-headed hydra (1 damage)
             ... on level 1 of the Swamp.
             The game lasted 00:41:44 (32400 turns).

tatocazan the Severer (Demonspawn Fighter)         Turns: 32400, Time: 00:41:45

HP:   0/109 (129)   AC: 27    Str: 26 (28) XL:     15   Next: 90%
MP:   25/25         EV:  8    Int:  3 (16) God:    Uskayaw [***...]
Gold: 1169          SH: 28    Dex: 19 (20) Spells: 14/14 levels left

rFire   . . .      SeeInvis .   e - +4 broad axe (venom)
rCold   . . .      Faith    .   a - +10 tower shield of Ignorance {rN+ Int-4}
rNeg    + . .      Spirit   .   W - +0 plate armour of Puoxzeoq {Slay+2}
rPois   .          Reflect  .   (helmet restricted)
rElec   .          Harm     .   F - +1 cloak
rCorr   +          Rampage  .   g - +0 pair of gloves of Muogeg {rCorr Str+3 Int+4 Slay+2}
Will    +....                   t - +0 pair of boots
Stlth   ..........              r - amulet of the acrobat
HPRegen 0.28/turn               N - ring "Asiami" {Fly rCorr Str+4 Dex+4}
MPRegen 0.19/turn               q - ring of False Pretenses {Fly AC+4 Int+4 Dex+4 Stlth+}

@: flying, heavily drained
A: horns 1, rugged brown scales 3, ignite blood 1, powered by death 2,
deterioration 1, wild magic 1
a: Renounce Religion, Stomp, Line Pass


You were on level 1 of the Swamp.
You worshipped Uskayaw.
Uskayaw was pleased with you.
You visited 6 branches of the dungeon, and saw 27 of its levels.
You also visited: Sewer and Ice Cave.

You collected 4043 gold pieces.
You spent 2874 gold pieces at shops.

Inventory:

Hand Weapons
 c - the +7 executioner's axe of Fragile Peace {vorpal, Drain rC+++ rCorr Str+4}
   (You acquired it on level 13 of the Dungeon)

   It inflicts extra damage upon your enemies.
   Str:       It affects your strength (+4).
   rC:        It renders you almost immune to cold.
   rCorr:     It protects you from acid and corrosion.
   Drain:     It drains your maximum health when unequipped.
 e - a +4 broad axe of venom (weapon)
 O - a +0 eveningstar of freezing
Missiles
 H - 2 throwing nets (quivered)
Armour
 a - the +10 tower shield of Ignorance (worn) {rN+ Int-4}
   (You found it on level 1 of the Orcish Mines)

   Int:       It affects your intelligence (-4).
   rN:        It protects you from negative energy.
 g - the +0 pair of gloves of Muogeg (worn) {rCorr Str+3 Int+4 Slay+2}
   (You found it on level 4 of the Dungeon)

   Str:       It affects your strength (+3).
   Int:       It affects your intelligence (+4).
   Slay:      It affects your accuracy & damage with ranged weapons and melee
   (+2).
   rCorr:     It protects you from acid and corrosion.
 t - a +0 pair of boots (worn)
 F - a +1 cloak (worn)
 V - the +2 hat of the Bear Spirit {Spirit, *Rage rN+ Will++}
   (You bought it in a shop on level 2 of the Orcish Mines)

   rN:        It protects you from negative energy.
   *Rage:     It berserks you when you make melee attacks (+20% chance).
   Will:      It greatly increases your willpower.
 W - the +0 plate armour of Puoxzeoq (worn) {Slay+2}
   (You bought it in a shop on level 2 of the Orcish Mines)

   Slay:      It affects your accuracy & damage with ranged weapons and melee
   (+2).
Jewellery
 q - the ring of False Pretenses (right hand) {Fly AC+4 Int+4 Dex+4 Stlth+}
   (You bought it in a shop on level 7 of the Dungeon)

   [ring of protection]

   AC:        It affects your AC (+4).
   Int:       It affects your intelligence (+4).
   Dex:       It affects your dexterity (+4).
   Fly:       It grants you flight.
   Stlth:     It makes you more stealthy.
 r - an amulet of the acrobat (around neck)
 B - a ring of willpower
 N - the ring "Asiami" (left hand) {Fly rCorr Str+4 Dex+4}
   (You bought it in a shop on level 7 of the Dungeon)

   [ring of flight]

   Str:       It affects your strength (+4).
   Dex:       It affects your dexterity (+4).
   Fly:       It grants you flight.
   rCorr:     It protects you from acid and corrosion.
 P - a ring of protection from cold
 Q - a ring of magical power
 Y - a ring of protection from cold
Wands
 d - a wand of digging (10)
 p - a wand of polymorph (6)
 v - a wand of paralysis (20)
 A - a wand of iceblast (20)
 T - a wand of acid (19)
 Z - a wand of flame (9)
Scrolls
 l - 3 scrolls of fear
 m - 5 scrolls of amnesia
 n - 11 scrolls of teleportation
 o - 3 scrolls of immolation
 s - 4 scrolls of enchant weapon
 u - 6 scrolls of magic mapping
 w - 5 scrolls of noise
 y - 15 scrolls of identify
 z - a scroll of silence {unknown}
 C - a scroll of enchant armour
 D - a scroll of fog
 U - a scroll of blinking
Potions
 b - a potion of curing
 f - 7 potions of haste
 h - a potion of flight
 i - 4 potions of cancellation
 j - 3 potions of brilliance
 k - 3 potions of invisibility
 x - 3 potions of lignification
 E - a potion of resistance
 G - 3 potions of attraction
 J - a potion of magic
 K - 2 potions of ambrosia
 R - a potion of heal wounds
Miscellaneous
 S - a piece from Xom's chessboard (15/15)


   Skills:
 + Level 12.3 Fighting
 * Level 15.3 Axes
 + Level 11.3 Armour
 + Level 6.5 Dodging
 + Level 11.4 Shields
 + Level 13.6 Invocations


You had 14 spell levels left.
You didn't know any spells.
Your spell library contained the following spells:

 Spells                   Type           Power      Damage    Failure   Level
 Animate Skeleton         Necr           0%         N/A       100%        1
 Apportation              Tloc           0%         N/A       100%        1
 Pain                     Necr           0%         1d4       100%        1
 Slow                     Hex            0%         N/A       100%        1
 Ensorcelled Hibernation  Hex/Ice        0%         N/A       100%        2
 Confusing Touch          Hex            0%         N/A       100%        3
 Gell's Gravitas          Tloc           0%         N/A       100%        3
 Spider Form              Tmut/Pois      0%         N/A       100%        3
 Teleport Other           Tloc           0%         N/A       100%        3
 Vampiric Draining        Necr           0%         2d6       100%        3
 Summon Lightning Spire   Summ/Air       0%         N/A       100%        4
 Alistair's Intoxication  Tmut/Pois      0%         N/A       100%        5
 Iskenderun's Battlesphe  Conj           0%         2d6       100%        5
 Yara's Violent Unravell  Hex/Tmut       0%         3d3       100%        5
 Dispersal                Tloc           0%         N/A       100%        6
 Iron Shot                Conj/Erth      0%         9d1       100%        6
 Spellforged Servitor     Conj/Summ      0%         N/A       100%        7
 Storm Form               Tmut/Air       0%         N/A       100%        7
 Maxwell's Capacitive Co  Air            0%         ∞         100%        8


Dungeon Overview and Level Annotations

Branches:
Dungeon (15/15)            Temple (1/1) D:4            Lair (6/6) D:10
  Swamp (1/4) Lair:4        Snake (2/4) Lair:4        Slime (0/5) Lair:5
    Orc (2/2) D:12            Elf (0/3) Orc:2        Vaults (0/5) D:13
 Depths (0/4) D:15          Sewer (visited)           IceCv (visited)

Altars:
Ashenzari
Cheibriados
Dithmenos
Elyvilon
Fedhas
Gozag
Hepliaklqana
Kikubaaqudgha
Makhleb
Nemelex Xobeh
Okawaru
Qazlal
Ru
Sif Muna
Trog
Uskayaw
Vehumet
Wu Jian
Xom
Yredelemnul
Zin
The Shining One
Beogh
Jiyva

Shops:
D:4 ?   D:7 =:   D:12 :   D:13 *!   Orc:2 (![(

Annotations:
D:3 3 runed translucent doors, croobank's ghost, weakling FeDe; iamoutofideas's ghost, amateur DsFE
D:6 3 runed translucent doors, axecop's ghost, amateur DsDe
D:12 2 transporters, case's ghost, journeyman DsWn


Innate Abilities, Weirdness & Mutations

You have a pair of small horns on your head.
You are completely covered in rugged brown scales. (AC +3, +7% HP)
Your demonic aura sometimes causes spilled blood to erupt in flames.
You regenerate health from kills.
Your body sometimes deteriorates upon taking damage.
Your spells are a little harder to cast, but a little more powerful.


Message History

You take 15 damage, and have 45/109 hp.
The helpless 12-headed hydra fails to defend itself.
You lop one of the 12-headed hydra's heads off!
The 11-headed hydra grows two more!
You slice the 13-headed hydra!!
The 13-headed hydra looks as sick as possible!
The 13-headed hydra is severely wounded.
The 13-headed hydra is no longer paralysed.
You block the 13-headed hydra's attack. x3; The 13-headed hydra bites you! x2
* * * LOW HITPOINT WARNING * * *
The 13-headed hydra bites you but does no damage. x3
You block the 13-headed hydra's attack. The 13-headed hydra barely misses you.
The 13-headed hydra bites you.
* * * LOW HITPOINT WARNING * * *
The 13-headed hydra bites you but does no damage.
The 13-headed hydra barely misses you.
You take 21 damage, and have 24/109 hp.
You barely miss the 13-headed hydra.
The 13-headed hydra is severely wounded.
You block the 13-headed hydra's attack. x3
The 13-headed hydra barely misses you.
The 13-headed hydra bites you but does no damage. x2
You block the 13-headed hydra's attack.
The 13-headed hydra bites you but does no damage.
The 13-headed hydra bites you.
* * * LOW HITPOINT WARNING * * *
The 13-headed hydra bites you but does no damage. x2
The 13-headed hydra bites you!
* * * LOW HITPOINT WARNING * * *
The 13-headed hydra bites you!
* * * LOW HITPOINT WARNING * * *
You chop one of the 13-headed hydra's heads off!
The 12-headed hydra grows two more!
You slice the 14-headed hydra!!
The 14-headed hydra is almost dead.
The 14-headed hydra closely misses you.
The 14-headed hydra bites you but does no damage.
You block the 14-headed hydra's attack. The 14-headed hydra barely misses you.
You block the 14-headed hydra's attack. x2
The 14-headed hydra bites you but does no damage.
The 14-headed hydra bites you.
You die...

♣♣♣♣♣♣♣.≈≈≈≈≈≈
.♣♣♣♣♣♣.§≈≈≈≈≈≈≈≈......(
.....≈≈≈....>≈...≈≈≈....
≈...≈§≈≈..♣ ♣§.≈≈≈≈≈≈≈≈
...≈≈≈≈≈≈♣♣ ♣♣≈.≈≈≈≈≈≈≈≈
♣≈.≈≈≈≈≈≈♣♣♣♣..≈≈≈≈≈≈≈§≈
♣♣♣♣♣♣.≈≈.♣♣..≈≈≈≈≈≈≈≈≈.
♣ ♣(≈....≈≈≈≈.≈≈≈≈.♣ ♣
♣♣♣♣≈.≈≈≈≈D@....≈♣
≈♣♣♣..§≈≈≈≈≈≈...>.♣
≈≈≈≈.≈≈≈≈≈≈)≈.≈..≈.♣
♣≈..≈≈≈≈≈).).....♣♣♣
♣♣.≈≈≈.≈≈≈§).♣.♣♣♣
♣.≈≈§.≈≈≈..♣♣♣≈≈
♣♣♣♣♣..≈.♣♣♣ ...♣ ♣.≈.≈♣
≈≈.≈ ♣♣..♣♣ ..


You could see a 14-headed hydra (extremely poisoned).

Vanquished Creatures
  A fire giant (D:15)
  A frost giant (IceCv)
  A stone giant (Orc:1)
  Harold (D:9)
  3 naga warriors
  Erolcha (D:9)
  A ghost crab (Swamp:1)
  A salamander tyrant (Snake:1)
  8 hydras
  6 boulder beetles
  A merfolk avatar (Lair:6)
  3 catoblepae
  5 death yaks (IceCv)
  3 two-headed ogres
  2 centaur warriors
  2 anacondas
  2 orc high priests
  A tengu warrior (D:15)
  A shock serpent (Snake:2)
  5 naga sharpshooters
  Nergalle (D:11)
  A salamander mystic (Snake:1)
  A sea snake (Lair:6)
  A swamp dragon (shapeshifter) (D:13)
  A wizard (D:15)
  2 naga ritualists (Snake:1)
  4 orange crystal statues (Orc:1)
  7 mana vipers
  3 deep elf pyromancers
  An orc knight (D:15)
  5 manticores
  5 cyclopes
  5 salamanders
  4 orc sorcerers
  4 ugly things
  A guardian serpent (Snake:1)
  3 naga magi
  12 black mambas
  15 elephants
  6 torpor snails (Lair:3)
  7 cane toads
  A gargoyle (D:11)
  8 komodo dragons
  2 unseen horrors
  A kobold demonologist (D:12)
  13 rime drakes
  A jumping spider (shapeshifter) (D:13)
  A polar bear (shapeshifter) (D:14)
  7 trolls
  A wind drake (Lair:6)
  9 polar bears
  2 slime creatures (D:15)
  Prince Ribbit (D:9)
  4 hornets
  14 blink frogs
  4 snapping turtles (Lair:6)
  A shadow (D:9)
  3 wraiths
  A redback (shapeshifter) (D:13)
  6 wyverns
  3 spriggans (Swamp:1)
  43 yaks
  Eustachio (D:4)
  6 steam dragons
  2 basilisks
  7 vampire mosquitoes
  17 nagas
  A warg (Orc:1)
  4 acid dragons
  18 water moccasins
  26 orc warriors
  3 ice beasts
  A hornet zombie (D:7)
  A swamp drake (Lair:4)
  A sky beast (D:6)
  9 wolves (IceCv)
  11 centaurs
  7 ogres
  A phantom (D:5)
  5 kobold brigands
  15 bullfrogs
  Blork the orc (D:4)
  2 two-headed ogre simulacra (Orc:1)
  6 gnoll sergeants
  2 scorpions (Lair:1)
  An elephant simulacrum (Orc:1)
  20 killer bees
  5 wights (D:10)
  2 electric eels (Lair:5)
  2 centaur skeletons (D:7)
  6 centaur zombies
  A bullfrog skeleton (D:7)
  18 orc priests
  A hound (D:5)
  11 iguanas
  Jessica (D:3)
  21 orc wizards
  2 spriggan simulacra (Orc:1)
  A polar bear simulacrum (Orc:1)
  A hound skeleton (D:4)
  A hound zombie (D:5)
  2 howler monkey zombies
  4 gnolls
  11 adders
  2 naga simulacra (Orc:1)
  2 white imps (D:6)
  An adder skeleton (D:4)
  A worm (D:2)
  A dart slug (D:1)
  86 orcs
  3 endoplasms
  4 giant cockroaches
  6 goblins
  7 hobgoblins
  6 jackals
  11 kobolds
  5 quokkas
  5 ball pythons
  10 bats
  3 frilled lizards
  11 rats
686 creatures vanquished.

Vanquished Creatures (collateral kills)
  An orc high priest (Orc:2)
  2 orcs (Orc:2)
3 creatures vanquished.

Vanquished Creatures (others)
  An eleionoma (Swamp:1)
  A two-headed ogre (D:12)
  A water nymph (shapeshifter) (D:12)
  A vampire mosquito (D:12)
  A ball python (D:1)
  25 fungi
  43 plants
  5 withered plants (D:3)
78 creatures vanquished.

Grand Total: 767 creatures vanquished

Notes
Turn   | Place    | Note
-------+----------+-------------------------------------------
     0 | D:1      | tatocazan the Demonspawn Fighter began the quest for the
                  | Orb.
     0 | D:1      | Reached XP level 1. HP: 18/18 MP: 1/1
   363 | D:1      | Reached skill level 2 in Axes
   366 | D:1      | Gained mutation: You regenerate a little health from kills.
                  | [demonic ancestry]
   366 | D:1      | Reached XP level 2. HP: 24/24 MP: 2/2
   592 | D:1      | Found a faded altar of an unknown god.
  1108 | D:2      | Reached XP level 3. HP: 29/29 MP: 3/3
  1528 | D:2      | Gained mutation: You are partially covered in rugged brown
                  | scales. (AC +1, +3% HP) [demonic ancestry]
  1528 | D:2      | Reached XP level 4. HP: 20/36 MP: 4/4
  2063 | D:3      | Noticed Jessica
  2072 | D:3      | Killed Jessica
  2137 | D:3      | Reached skill level 3 in Axes
  2638 | D:3      | Found a runed translucent gate.
  2640 | D:3      | Found a runed translucent gate.
  2641 | D:3      | Found a runed translucent gate.
  2642 | D:3      | Noticed croobank's ghost (weakling FeDe)
  2642 | D:3      | Noticed iamoutofideas's ghost (amateur DsFE)
  2962 | D:4      | Gained mutation: You regenerate health from kills. [demonic
                  | ancestry]
  2962 | D:4      | Reached XP level 5. HP: 43/43 MP: 5/5
  3021 | D:4      | Noticed Blork the orc
  3036 | D:4      | Killed Blork the orc
  3047 | D:4      | Found Qaulif's Magic Scroll Boutique.
  3297 | D:4      | Bought a scroll of magic mapping for 38 gold pieces
  3297 | D:4      | Bought a scroll of teleportation for 33 gold pieces
  3328 | D:4      | Gained mutation: You are robust. (+10% HP) [potion of
                  | mutation]
  3328 | D:4      | Gained mutation: You passively dampen the noise of your
                  | surroundings. [potion of mutation]
  3390 | D:4      | Noticed Eustachio
  3398 | D:4      | Killed Eustachio
  3399 | D:4      | Gained mutation: You are mostly covered in rugged brown
                  | scales. (AC +2, +5% HP) [demonic ancestry]
  3399 | D:4      | Reached XP level 6. HP: 47/55 MP: 6/6
  3461 | D:4      | Found a staircase to the Ecumenical Temple.
  3486 | D:4      | Identified the +0 pair of gloves of Muogeg {rCorr Str+3
                  | Int+4 Slay+2}
  3503 | Temple   | Entered the Ecumenical Temple
  3514 | Temple   | Reached skill level 4 in Axes
  4221 | D:5      | Entered Level 5 of the Dungeon
  4276 | D:5      | Found a glowing drain.
  4291 | Sewer    | Entered a sewer
  4314 | Sewer    | Noticed a water moccasin
  4319 | Sewer    | Killed a water moccasin
  4320 | Sewer    | Reached XP level 7. HP: 59/63 MP: 7/7
  4662 | D:5      | Identified the ring of the Median {rC- rN+ rCorr Dex+7}
  4785 | D:5      | Reached skill level 5 in Axes
  5092 | D:5      | Reached skill level 5 in Fighting
  5300 | D:5      | Found an opulent altar of Gozag.
  5397 | D:6      | Reached XP level 8. HP: 71/71 MP: 8/8
  5491 | D:6      | Killed an unseen horror
  5492 | D:6      | Reached skill level 5 in Armour
  5607 | D:6      | Found an ancient bone altar of Kikubaaqudgha.
  5612 | D:6      | Reached skill level 5 in Shields
  5633 | D:6      | Found a runed translucent gate.
  5633 | D:6      | Found a runed translucent gate.
  5633 | D:6      | Noticed axecop's ghost (amateur DsDe)
  5634 | D:6      | Found a runed translucent gate.
  5653 | D:6      | Identified the +9 short sword of Checks and Balances
                  | {protect, Str+2}
  5670 | D:6      | Reached skill level 6 in Axes
  5859 | D:6      | Found a stormy altar of Qazlal.
  6909 | D:7      | Found a hide-covered altar of Uskayaw.
  6938 | D:7      | Became a worshipper of Uskayaw the Reveller
  6941 | D:7      | Reached * piety under Uskayaw
  6952 | D:7      | Reached ** piety under Uskayaw
  6961 | D:7      | Reached *** piety under Uskayaw
  6963 | D:7      | Gained mutation: Your demonic aura sometimes causes spilled
                  | blood to erupt in flames. [demonic ancestry]
  6963 | D:7      | Reached XP level 9. HP: 68/79 MP: 9/9
  6965 | D:7      | Reached **** piety under Uskayaw
  6971 | D:7      | Found Wusihugh's Self-Improvement Boutique.
  7022 | D:7      | Reached skill level 7 in Axes
  7027 | D:7      | Found Ynkokosch's Jewellery Emporium.
  7215 | D:7      | Found an iron altar of Okawaru.
  7300 | D:7      | Reached skill level 1 in Invocations
  7939 | D:8      | Reached skill level 8 in Axes
  7942 | D:8      | Found a broken altar of Ashenzari.
  8496 | D:9      | Noticed Erolcha
  8501 | D:9      | Killed Erolcha
  8502 | D:9      | Reached XP level 10. HP: 90/90 MP: 11/13
  8792 | D:9      | Noticed Harold
  8792 | D:9      | Noticed Prince Ribbit
  8905 | D:9      | Killed Prince Ribbit
  9098 | D:9      | Found a burning altar of Makhleb.
  9244 | D:9      | Reached skill level 9 in Axes
  9245 | D:9      | Reached skill level 5 in Invocations
  9248 | D:9      | Reached ***** piety under Uskayaw
  9432 | D:9      | HP: 2/90 [Harold (10)]
  9436 | D:9      | Killed Harold
  9799 | D:10     | Entered Level 10 of the Dungeon
  9848 | D:10     | Found a snail-covered altar of Cheibriados.
 10247 | D:10     | Found a staircase to the Lair.
 10511 | D:10     | Identified a scroll of acquirement
 10511 | D:10     | Acquired 1091 gold pieces
 10611 | D:7      | Bought the ring of False Pretenses {Fly AC+4 Int+4 Dex+4
                  | Stlth+} for 841 gold pieces
 10611 | D:7      | Bought the ring "Asiami" {Fly rCorr Str+4 Dex+4} for 609
                  | gold pieces
 11425 | D:11     | Noticed a centaur warrior
 11437 | D:11     | Killed a centaur warrior
 11438 | D:11     | Gained mutation: You have a pair of small horns on your
                  | head. [demonic ancestry]
 11438 | D:11     | Reached XP level 11. HP: 76/98 MP: 15/15
 11458 | D:11     | Found an ornate altar of the Wu Jian Council.
 11661 | D:11     | Noticed Nergalle
 11673 | D:11     | Killed Nergalle
 11674 | D:11     | Reached skill level 10 in Axes
 12157 | D:11     | Noticed a two-headed ogre
 12162 | D:11     | Killed a two-headed ogre
 12518 | D:12     | Found a transporter.
 12518 | D:12     | Noticed a frost giant
 12519 | D:12     | Noticed a flayed ghost
 12522 | D:12     | Noticed case's ghost (journeyman DsWn)
 12522 | D:12     | Noticed a two-headed ogre
 12524 | D:12     | Noticed a five-headed hydra
 12547 | D:12     | Found a transporter.
 12569 | D:12     | Noticed an eight-headed hydra
 12690 | Lair:1   | Entered Level 1 of the Lair of Beasts
 13566 | Lair:1   | Noticed an eight-headed hydra
 13572 | Lair:1   | Killed a nine-headed hydra
 13726 | Lair:1   | Noticed a five-headed hydra
 13745 | Lair:1   | Killed a 14-headed hydra
 13746 | Lair:1   | Reached skill level 11 in Axes
 14160 | Lair:1   | Reached XP level 12. HP: 99/109 MP: 18/18
 15155 | D:12     | Found Sogapnew's Book Emporium.
 15258 | D:12     | Found a staircase to the Orcish Mines.
 15277 | Orc:1    | Entered Level 1 of the Orcish Mines
 15458 | Orc:1    | Paralysed by an orc sorcerer for 4 turns
 15552 | Orc:1    | Found a runed translucent door.
 15566 | Orc:1    | Found a frozen archway.
 15566 | Orc:1    | Found the +10 tower shield of Ignorance {rN+ Int-4}
 15591 | IceCv    | Entered an ice cave
 15605 | IceCv    | Noticed a death yak
 15616 | IceCv    | Killed a death yak
 15616 | IceCv    | Reached ****** piety under Uskayaw
 15665 | IceCv    | Noticed a death yak
 15666 | IceCv    | Noticed a death yak
 15672 | IceCv    | Killed a death yak
 15679 | IceCv    | Killed a death yak
 15776 | IceCv    | Noticed a death yak
 15778 | IceCv    | Noticed a frost giant
 15783 | IceCv    | Killed a death yak
 15784 | IceCv    | Reached skill level 12 in Axes
 15791 | IceCv    | Killed a frost giant
 15911 | IceCv    | Noticed a death yak
 15920 | IceCv    | Killed a death yak
 15939 | IceCv    | Reached XP level 13. HP: 90/118 MP: 20/20
 15942 | IceCv    | Reached skill level 10 in Invocations
 16161 | Orc:1    | Found a runed translucent door.
 16466 | Orc:2    | Entered Level 2 of the Orcish Mines
 16466 | Orc:2    | Found a staircase to the Elven Halls.
 16592 | Orc:2    | Reached skill level 10 in Fighting
 17011 | Orc:2    | Found Qeuple's Antique Weapon Boutique.
 17115 | Orc:2    | Found Kuj Yng's Distillery.
 17254 | Orc:2    | Noticed Saint Roka
 17265 | Orc:2    | Found Ritymp's Antique Armour Boutique.
 17268 | Orc:2    | Reached skill level 1 in Dodging
 17268 | Orc:2    | Found Doppuzaq's Antique Weapon Shop.
 17318 | Orc:2    | Gained mutation: You sometimes lose the ability to read
                  | scrolls when taking damage. [a neqoxec]
 18110 | Orc:2    | Noticed Saint Roka
 18110 | Orc:2    | Saint Roka changed into Saint Roka the stone giant
 18111 | Orc:2    | Gained mutation: You are dopey. (Int -2) [a neqoxec]
 19943 | Lair:3   | Found a snail-covered altar of Cheibriados.
 20034 | Lair:3   | Reached skill level 13 in Axes
 20826 | Lair:4   | Found the +4 skin of Zhor {*Englaciate rC+++ SInv}
 20890 | Lair:4   | Found a staircase to the Swamp.
 20933 | Lair:4   | Lost mutation: You are dopey. (Int -2) [potion of mutation]
 20933 | Lair:4   | Lost mutation: You are robust. (+10% HP) [potion of
                  | mutation]
 20933 | Lair:4   | Lost mutation: You passively dampen the noise of your
                  | surroundings. [potion of mutation]
 20933 | Lair:4   | Gained mutation: You are agile. (Dex +2) [potion of
                  | mutation]
 20933 | Lair:4   | Gained mutation: You are robust. (+10% HP) [potion of
                  | mutation]
 20983 | Lair:4   | Identified the +2 chain mail of the Jolly Tables {Str+4}
 21054 | Lair:4   | Found a staircase to the Snake Pit.
 21830 | Lair:5   | Reached skill level 10 in Shields
 21834 | Lair:5   | Reached XP level 14. HP: 66/127 MP: 22/22
 22077 | Lair:5   | Reached skill level 10 in Armour
 22129 | Lair:5   | Found a basalt altar of Yredelemnul.
 22220 | Lair:5   | Found a viscous altar of Jiyva.
 22220 | Lair:5   | Found a staircase to the Slime Pits.
 22456 | Lair:6   | Entered Level 6 of the Lair of Beasts
 22704 | Lair:6   | Lost mutation: You sometimes lose the ability to read
                  | scrolls when taking damage. [potion of mutation]
 22704 | Lair:6   | Lost mutation: You are agile. (Dex +2) [potion of mutation]
 22704 | Lair:6   | Lost mutation: You are robust. (+10% HP) [potion of
                  | mutation]
 22704 | Lair:6   | Gained mutation: Your body sometimes deteriorates upon
                  | taking damage. [potion of mutation]
 22704 | Lair:6   | Gained mutation: Your spells are a little harder to cast,
                  | but a little more powerful. [potion of mutation]
 23210 | Lair:6   | Reached skill level 14 in Axes
 24239 | Orc:2    | Bought the +2 hat of the Bear Spirit {Spirit, *Rage rN+
                  | Will++} for 737 gold pieces
 24239 | Orc:2    | Found the +2 hat of the Bear Spirit {Spirit, *Rage rN+
                  | Will++}
 24244 | Orc:2    | Bought a twisted plate armour for 616 gold pieces
 24244 | Orc:2    | Identified the +0 plate armour of Puoxzeoq {Slay+2} (You
                  | bought it in a shop on level 2 of the Orcish Mines)
 24697 | Orc:1    | Killed Saint Roka the stone giant
 25151 | D:13     | Found Gozag's Platinum Reserve.
 25152 | D:13     | Found an opulent altar of Gozag.
 25255 | D:13     | Acquired the +7 executioner's axe of Fragile Peace {vorpal,
                  | Drain rC+++ rCorr Str+4}
 25273 | D:13     | Found a gate to the Vaults.
 25281 | D:13     | Reached skill level 5 in Dodging
 25307 | D:13     | Found Igemp's Distillery.
 26489 | D:15     | Entered Level 15 of the Dungeon
 26544 | D:15     | Gained mutation: You are completely covered in rugged brown
                  | scales. (AC +3, +7% HP) [demonic ancestry]
 26544 | D:15     | Reached XP level 15. HP: 115/127 MP: 22/24
 26544 | D:15     | Acquired 577 gold pieces
 26634 | D:15     | Found a shimmering altar of Xom.
 26635 | D:15     | Found a shimmering altar of Xom.
 26636 | D:15     | Found a shimmering altar of Xom.
 26637 | D:15     | Found a shimmering altar of Xom.
 26639 | D:15     | Found a shimmering altar of Xom.
 26762 | D:15     | Found a staircase to the Depths.
 26763 | D:15     | Noticed a fire giant
 26780 | D:15     | Killed a fire giant
 27694 | Snake:1  | Entered Level 1 of the Snake Pit
 27913 | Snake:1  | Reached skill level 15 in Axes
 32014 | Swamp:1  | Entered Level 1 of the Swamp
 32399 | Swamp:1  | HP: 1/109 [13-headed hydra (9)]
 32400 | Swamp:1  | Slain by a 14-headed hydra

Illustrated notes

Levels and vault maps discovered:
D:1:      kennysheep_arrival_forest, layout_basic,
          hellmonk_ecumenical_altar_dog_temple, lemuel_flame_loot_1
D:2:      layout_basic
D:3:      layout_basic, gammafunk_ghost_cemetery, chequers_arboretum,
          kennysheep_minor_cross, uniq_jessica
D:4:      layout_rooms, minmay_temple_entry_waves, serial_shops,
          nicolae_square_shop, uniq_blork_the_orc, uniq_eustachio
D:5:      layout_loops_ring, lemuel_doored_altar, cheibrodos_sewer_entry_drain
D:6:      layout_basic, nicolae_overflow_crystal_walls,
          mainiacjoe_overflow_small_starburst, gammafunk_ghost_split,
          kennysheep_generic_room_13
D:7:      layout_rooms, eat_drink_and_be_merry_uskayaw, okawaru_trees_1,
          serial_shops, nicolae_square_shop, kennysheep_big_empty_room,
          nicolae_shop_self_help
D:8:      layout_loops_ring, ashenzari_conservatory_becter
D:9:      layout_rooms, bloody_makhleb, overflow_temple_1_default,
          dk_rats_in_the_wall, uniq_prince_ribbit1, uniq_harold, uniq_erolcha
D:10:     layout_basic, cheibriados_altar_1, lair_entry_dummy
D:11:     layout_loops_ring, nicolae_wu_jian_wuxing_cycle, uniq_nergalle
D:12:     layout_roguey, kennysheep_orc_monster_closet_entryway, serial_shops,
          shop, gammafunk_ghost_arena
D:13:     layout_grid_maze, david_vaults_2, serial_shops,
          nicolae_shop_temple_entry_statues_fountains,
          nicolae_gozag_zags_fifth_avenue
D:14:     layout_rooms, hangedman_abyss_or_decor_passed
D:15:     grunt_enter_depths_giant_problem, layout_loops_ring, xom_redecorated
Temple:   nicolae_temple_figure_eight
Lair:1:   beast_lair_carwin_large_1, layout_cave_pods
Lair:2:   layout_regular_city
Lair:3:   layout_loops_ring, chequers_serial_rivers_room_b,
          kennysheep_snail_temple, lemuel_fruit_tree
Lair:4:   layout_roguey, minmay_swamp_entry_reptiles,
          guppyfry_snake_entry_garden, hellmonk_guarded_unrand_zhor
Lair:5:   layout_loops_ring, slime_altar_1, basic_altar, serial_bayou_shore_a
Lair:6:   gammafunk_lair_ancient_temple, layout_cave_pods
Swamp:1:  layout_basic_swamp, evilmike_swamp_ruin_house_6
Snake:1:  layout_misc_corridors
Snake:2:  layout_concentric_octagons, hangedman_snake_corridor_cut,
          grunt_megastairs_3
Orc:1:    layout_diamond_mine, portal_ice_cave_entry_ice_simulacra,
          chequers_guarded_unrand_ignorance
Orc:2:    grunt_orc_community_town_hall, layout_caves,
          grunt_orc_community_big_house_2, grunt_orc_community_big_house_2,
          grunt_orc_community_house_3, grunt_orc_community_house_2,
          grunt_orc_community_house_1, grunt_orc_community_house_1,
          grunt_orc_community_house_3, grunt_orc_community_house_2

Skill      XL: |  1  2  3  4  5  6  7  8  9 10 11 12 13 14 15 |
---------------+----------------------------------------------+-----
Axes           | 2 3 4 5 6 8 9 11 12 13 14 15 | 15.3
Armour         | 3 4 5 6 7 8 9 10 11 | 11.3
Shields        | 3 4 5 6 7 8 9 10 11 | 11.4
Fighting       | 4 5 6 7 8 9 10 11 12 | 12.3
Invocations    | 4 6 8 9 11 12 13 | 13.6
Dodging        | 3 5 6 |  6.5

Action                   |  1- 3 |  4- 6 |  7- 9 | 10-12 | 13-15 || total
-------------------------+-------+-------+-------+-------+-------++-------
Melee: War axe           |   115 |    95 |       |       |       ||   210
       Broad axe         |       |    52 |   226 |   351 |   556 ||  1185
       Headbutt          |       |       |       |   103 |   310 ||   413
       Eveningstar       |       |       |       |       |     3 ||     3
       Executioner's axe |       |       |       |       |   247 ||   247
Evoke: Wand              |       |       |     2 |     7 |     8 ||    17
  Use: Potion            |       |     5 |     2 |     2 |    12 ||    21
       Scroll            |       |     8 |     2 |    12 |    17 ||    39
 Stab: Paralysed         |       |       |     8 |    37 |    79 ||   124
Armor: Scale mail        |    76 |    62 |   152 |       |       ||   290
       Plate armour      |       |       |    35 |   267 |   487 ||   789
Dodge: Dodged            |    66 |    66 |   100 |   155 |   428 ||   815
Block: Buckler           |    37 |    45 |    59 |   159 |   166 ||   466
       Tower shield      |       |       |       |       |    85 ||    85

Table legend: (Time is in decaauts)
 A = Elapsed time spent in this place.
 B = Non-inter-level travel time spent in this place.
 C = Inter-level travel time spent in this place.
 D = Time resting spent in this place.
 E = Time spent auto-exploring this place.
 F = Levels seen in this place.
 G = Mean time per level.
                   A        B        C        D        E       F      G
               +--------+--------+--------+--------+--------+-----+--------+
         Total |  32828 |  30395 |   2433 |   7956 |  18100 |  29 | 1132.0 |
       Dungeon |  16767 |  15457 |   1310 |   3169 |  10080 |  15 | 1117.8 |
        Temple |    564 |    553 |     11 |    329 |    204 |   1 |  564.0 |
          Lair |   7379 |   6596 |    783 |    708 |   5046 |   6 | 1229.8 |
         Swamp |    388 |    388 |      0 |    284 |     53 |   1 |  388.0 |
     Snake Pit |   2046 |   1940 |    106 |    892 |    817 |   2 | 1023.0 |
  Orcish Mines |   5036 |   4814 |    222 |   2574 |   1425 |   2 | 2518.0 |
         Sewer |     88 |     88 |      0 |      0 |     58 |   1 |   88.0 |
      Ice Cave |    556 |    556 |      0 |      0 |    417 |   1 |  556.0 |
               +--------+--------+--------+--------+--------+-----+--------+

Top non-repeatable levels by time:
   Orc:1: 3745 daAuts
  Lair:1: 2182 daAuts
    D:11: 1644 daAuts
    D:10: 1634 daAuts
 Snake:1: 1609 daAuts
    D:12: 1499 daAuts
     D:6: 1402 daAuts
     D:9: 1298 daAuts
   Orc:2: 1291 daAuts
     D:5: 1272 daAuts
  Lair:6: 1271 daAuts
     D:8: 1202 daAuts
  Lair:4: 1172 daAuts
     D:3: 1162 daAuts
     D:1: 1072 daAuts
